 Dungeon Crawl Stone Soup version 0.26.1-2-gb8aa6d0cf2 (webtiles) character file.

Game seed: 14127333355435907814

156 Gadfly the Unbeliever (level 5, 0/41 HPs)
             Began as a Demonspawn Monk on Feb 11, 2021.
             Slain by an orc priest
             ... wielding a +1 mace of protection
              (2 damage)
             ... on level 4 of the Dungeon.
             The game lasted 00:05:22 (4843 turns).

Gadfly the Unbeliever (Demonspawn Monk)             Turns: 4843, Time: 00:05:23

Health: 0/41       AC: 10    Str:  8    XL:     5   Next: 15%
Magic:  7/7        EV: 11    Int: 11    God:
Gold:   235        SH:  0    Dex: 18    Spells: 4/4 levels left

rFire    . . .     SeeInvis .   a - +0 hand axe
rCold    . . .     Faith    .   (no shield)
rNeg     . . .     Spirit   .   i - +0 ring mail (curse)
rPois    +         Reflect  .   c - +0 helmet
rElec    .         Harm     .   (no cloak)
rCorr    .         Rampage  .   (no gloves)
Will     .....                  o - +1 pair of boots
Stlth    +.........             (no amulet)
HPRegen  0.13/turn              d - ring of poison resistance
MPRegen  0.10/turn              j - -4 ring of strength (curse)

@: mighty
A: iridescent scales 1, agile 1, screaming 1, MP-powered wands
a: no special abilities


You were on level 4 of the Dungeon.
You visited 2 branches of the dungeon, and saw 5 of its levels.

You collected 235 gold pieces.

Inventory:

Hand Weapons
 a - a +0 hand axe (weapon)
Armour
 c - a +0 helmet (worn)
 i - a cursed +0 ring mail (worn)
 l - a +0 chain mail
 o - a +1 pair of boots (worn)
Jewellery
 d - a ring of poison resistance (left hand)
 j - a cursed -4 ring of strength (right hand)
Wands
 e - a wand of polymorph (8)
Potions
 b - a potion of flight
 f - a potion of heal wounds {unknown}
 g - a potion of curing {unknown}
 h - a potion of lignification {unknown}
 k - a potion of mutation


   Skills:
 - Level 3.0 Fighting
 + Level 3.1 Axes
 * Level 2.0 Armour
 - Level 2.6 Dodging
 - Level 1.7 Stealth
 * Level 3.4 Invocations
 * Level 2.4 Evocations


You had 4 spell levels left.
You didn't know any spells.
Your spell library contained the following spells:

 Spells                   Type           Power        Failure   Level
 Animate Skeleton         Necr           0%           71%         1
 Apportation              Tloc           0%           71%         1
 Corona                   Hex            0%           71%         1
 Summon Small Mammal      Summ           0%           71%         1


Dungeon Overview and Level Annotations

Branches:
Dungeon (4/15)             Temple (1/1) D:4

Altars:
Dithmenos
Elyvilon
Fedhas
Gozag
Hepliaklqana
Nemelex Xobeh
Okawaru
Ru
Sif Muna
Uskayaw
Wu Jian
Xom
Yredelemnul
Zin
The Shining One

Annotations:
D:4 Ijyb


Innate Abilities, Weirdness & Mutations

You are partially covered in iridescent scales. (AC +2)
You are agile. (Dex +2)
You occasionally shout uncontrollably at your foes.
You expend magic power (3 MP) to strengthen your wands.


Message History

You are too injured to fight recklessly!
You are too injured to fight recklessly!
You are too injured to fight recklessly!
You are too injured to fight recklessly!
You are too injured to fight recklessly!
You are too injured to fight recklessly!
You hit the orc priest but do no damage.
The orc priest is lightly wounded.
The orc priest hits you with a +1 mace of protection.
* * * LOW HITPOINT WARNING * * *
You hit the orc priest but do no damage.
The orc priest is lightly wounded.
The orc priest hits you but does no damage.
It was a potion of mutation.
You feel extremely strange.
You feel your magical essence link to the dungeon's wands.
You feel the urge to shout.
You feel agile.
It was a potion of might.
You feel very mighty all of a sudden.
The orc priest hits you with a +1 mace of protection.
You die...

. #.#.....+ .... ..
#.......#......
...##.#..)..#......
......#.......#.#
#.........###.#.#
..#>..>..#.#...#
..#.....##.....###.
........)<......(...
##.##....##.@......!
#. #.#######o#.####
#. ... #. ##... #+
.)... .... .#. ..


You could see an orc priest.

Vanquished Creatures
  An iron imp (D:3)
  3 adders
  A gnoll (D:2)
  3 oozes
  A worm (D:2)
  2 dart slugs
  A leopard gecko (D:1)
  4 orcs
  5 giant cockroaches
  9 goblins
  7 hobgoblins
  4 jackals (D:1)
  7 kobolds
  A quokka (D:2)
  8 bats
  2 frilled lizards (D:1)
  9 rats
68 creatures vanquished.

Notes
Turn   | Place    | Note
-------+----------+-------------------------------------------
     0 | D:1      | Gadfly the Demonspawn Monk began the quest for the Orb.
     0 | D:1      | Reached XP level 1. HP: 18/18 MP: 1/1
   197 | D:1      | Reached skill level 1 in Invocations
   197 | D:1      | Gained mutation: You are partially covered in iridescent
                  | scales. (AC +2) [demonic ancestry]
   197 | D:1      | Reached XP level 2. HP: 3/24 MP: 2/2
   527 | D:1      | Reached skill level 1 in Evocations
   546 | D:1      | Reached skill level 1 in Armour
   693 | D:1      | Reached XP level 3. HP: 27/29 MP: 4/4
  2282 | D:2      | Reached XP level 4. HP: 20/35 MP: 4/6
  3990 | D:3      | Noticed Grinder
  3992 | D:3      | Noticed Grinder
  3992 | D:3      | Grinder changed into Grinder the iron imp
  4010 | D:3      | Killed Grinder the iron imp
  4011 | D:3      | Reached XP level 5. HP: 22/41 MP: 7/7
  4290 | D:4      | Found a staircase to the Ecumenical Temple.
  4295 | Temple   | Entered the Ecumenical Temple
  4450 | D:4      | Noticed Ijyb
  4840 | D:4      | HP: 2/41 [orc priest/+1 mace of protection (6)]
  4842 | D:4      | Gained mutation: You expend magic power (3 MP) to
                  | strengthen your wands. [potion of mutation]
  4842 | D:4      | Gained mutation: You occasionally shout uncontrollably at
                  | your foes. [potion of mutation]
  4842 | D:4      | Gained mutation: You are agile. (Dex +2) [potion of
                  | mutation]
  4843 | D:4      | Slain by an orc priest

Illustrated notes

Levels and vault maps discovered:
D:1:      lemuel_arrival_behind_the_door_small, layout_loops_ring,
          serial_rivers, chequers_serial_rivers_large_a,
          chequers_serial_rivers_large_b, chequers_serial_rivers_micro_a,
          chequers_serial_rivers_micro_d, chequers_serial_rivers_micro_d,
          chequers_serial_rivers_micro_b
D:2:      layout_basic
D:3:      layout_basic, uniq_grinder
D:4:      layout_basic, minmay_temple_entry_butterflies, due_unseen_surprise,
          uniq_ijyb
Temple:   regret_index_temple_waves

Skill      XL: |  1  2  3  4  5 |
---------------+----------------+-----
Invocations    | 1 2 3 |  3.4
Evocations     | 1 2 |  2.4
Armour         | 1 2 |  2.0
Axes           | 3 |  3.1
Fighting       | |  3.0
Dodging        | |  2.6
Stealth        | |  1.7

Action                   |  1- 3 |  4- 6 || total
-------------------------+-------+-------++-------
Melee: Hand axe          |   188 |   147 ||   335
Evoke: Wand              |       |     1 ||     1
  Use: Scroll            |       |     5 ||     5
       Potion            |       |     3 ||     3
 Stab: Sleeping          |     2 |     1 ||     3
Armor: Robe              |    26 |       ||    26
       Leather armour    |    34 |       ||    34
       Ring mail         |    12 |    58 ||    70
Dodge: Dodged            |   145 |    76 ||   221
